AoeStats
← anaczk

Arabia

506485442Analyzed
2v2 RM · 19d ago on Sep 13, 2026· 38m 49s· 4 players
Game mode
Random Map
Map size
Medium (4 player)
Population
200
Speed
Normal
Resources
Standard
Victory
Conquest
Starting age
Dark Age
Ending age
Imperial Age
RankedLock teamsTeams togetherTeam positionsShared explorationLock speedFull tech treeHidden civsTurbo modeCheats
Victory
Defeat
🇺🇸 Armenians · United States
787
+18
🇺🇸 Khitans · United States
786
+19
🇦🇷 Spanish · Argentina
1000
-92
🇦🇷 Vikings · Argentina
683
-16
RazorCoco1
11:17 Feudal Age
13:13 Man-at-Arms
17:20 Long Swordsman
21:50 Arson
24:55 Castle Age
24:59 Double-Bit Axe
27:40 Husbandry
28:25 Bloodlines
30:48 Forging
30:45 Scale Barding Armor
34:29 Two-Handed Swordsman
Senator Sloth
7:22 Loom
14:38 Feudal Age
15:34 Man-at-Arms
16:00 Arson
16:19 Scale Mail Armor
18:27 Fletching
22:19 Forging
24:58 Double-Bit Axe
25:06 Domestication
25:33 Gold Mining
25:55 Scale Barding Armor
30:08 Castle Age
32:40 Iron Casting
32:40 Husbandry
33:24 Bow Saw
33:26 Pastoralism
33:42 Light Cavalry
Player897450113
10:32 Feudal Age
11:08 Double-Bit Axe
11:17 Man-at-Arms
13:31 Arson
15:58 Gold Mining
25:15 Castle Age
23:59 Fletching
25:44 Padded Archer Armor
25:34 Crossbowman
28:38 Gold Shaft Mining
28:14 Bow Saw
30:01 Pikeman
31:38 Forging
31:31 Scale Mail Armor
anaczk
15:14 Feudal Age
15:58 Loom
21:49 Double-Bit Axe
30:58 Castle Age
30:24 Wheelbarrow
36:28 Pikeman
Connection lost

Rejoining the realm…

Still unreachable

The connection could not be restored.

Session expired

The server has moved on; the page needs a fresh start.